Map: Prion Terraces

Players

SortOf

  • Race: Zerg Zerg
  • League: Grandmaster

IIIIlIIlIlII (HuK) - Winner!

  • Race: Protoss Protoss
  • League: Grandmaster

Event: DreamHack ROCCAT LotV Championship

VOD

Have the link to the VOD?

Description

Time

  • Played on: Nov. 26, 2015, 7:08 a.m.
  • Length: 17:31

All games in this series

Show
View Real Time Build Order
Export as new Build Order

SortOf Zerg 

Build Orders: 3 Hatch before Pool 

Get SALT Encoding   

  12  0:00  Drone  
  13  0:12  Overlord  
  13  0:17  Drone  
  14  0:30  Drone x2  
  16  0:36  Drone  
  17  0:52  Hatchery  
  17  0:56  Drone  
  17  0:59  Drone  
  18  1:12  Drone  
  19  1:24  Hatchery  
  18  1:28  Drone  
  18  1:31  Extractor  
  18  1:40  Spawning Pool  
  18  1:44  Drone  
  18  1:49  Drone  
  18  1:52  Drone  
  20  2:03  Overlord  
  20  2:10  Drone  
  20  2:14  Drone  
  22  2:27  Zergling x6  
  25  2:32  Drone  
  25  2:36  Queen  
  28  2:37  Metabolic Boost  
  28  2:41  Drone  
  28  2:43  Drone  
  30  2:47  Drone  
  30  2:50  Zergling x2  
  32  2:53  Queen  
  32  2:57  Drone  
  35  2:59  Zergling x2  
  35  3:01  Drone  
  37  3:08  Overlord  
  37  3:09  Drone x2  
  38  3:15  Queen  
  38  3:17  Drone  
  41  3:26  Overlord, Queen  
  43  3:29  Evolution Chamber  
  43  3:30  Drone  
  43  3:31  Drone  
  43  3:33  Drone  
  45  3:35  Drone  
  45  3:38  Drone x2  
  48  3:43  Drone  
  48  3:47  Roach Warren  
  48  3:49  Overlord  
  48  3:55  Drone  
  48  3:56  Drone  
  48  4:00  Zerg Melee Weapons Level 1  
  48  4:01  Zergling x2  
  48  4:02  Zergling x6, Extractor  
  53  4:03  Overlord  
  53  4:08  Drone x2  
  53  4:09  Drone  
  56  4:12  Extractor  
  56  4:14  Overlord  
  55  4:23  Zergling x4  
  57  4:24  Zergling x4  
  57  4:25  Zergling x2  
  57  4:28  Roach x3  
  66  4:33  Zergling x4  
  66  4:42  Queen  
  67  4:47  Roach  
  67  4:48  Zergling x2  
  62  4:58  Roach x2  
  59  5:00  Drone x2  
  59  5:01  Drone x5  
  64  5:13  Drone x3  
  67  5:14  Drone  
  67  5:15  Drone  
  67  5:18  Drone  
  68  5:21  Drone  
  68  5:23  Drone  
  68  5:26  Drone  
  68  5:28  Lair  
  67  5:31  Queen  
  69  5:39  Drone x3  
  72  5:44  Ravager  
  72  5:45  Drone x2  
  72  5:46  Drone x3  
  78  5:51  Drone  
  78  5:54  Overlord  
  76  6:04  Evolution Chamber, Drone x5  
  76  6:07  Hatchery  
  76  6:10  Overlord  
  78  6:12  Drone  
  78  6:14  Extractor  
  78  6:15  Drone  
  79  6:21  Drone x2  
  81  6:25  Extractor  
  81  6:27  Drone x2  
  81  6:29  Overlord  
  81  6:32  Drone x3  
  85  6:36  Drone x2  
  85  6:37  Zerg Ground Armor Level 1  
  87  6:42  Infestation Pit  
  87  6:44  Zerg Melee Weapons Level 2  
  86  6:47  Overlord  
  86  6:49  Overlord  
  86  6:50  Zergling x10  
  90  6:59  Zergling x4  
  91  7:01  Zergling x6  
  91  7:02  Zergling x2  
  91  7:04  Drone  
  91  7:05  Overlord  
  91  7:07  Drone x3  
  93  7:16  Ravager x5  
  93  7:19  Drone x2  
  93  7:20  Drone x2  
  102  7:25  Hive  
  102  7:27  Hatchery, Overlord  
  101  7:30  Zergling x6  
  101  7:31  Zergling x2  
  101  7:35  Zergling x2  
  101  7:36  Zergling x6  
  109  7:42  Overlord  
  109  7:46  Glial Reconstitution  
  106  7:53  Roach x9  
  106  7:57  Overlord x2  
  121  7:58  Roach  
  121  8:03  Drone x4  
  126  8:07  Roach x3  
  129  8:16  Roach x2  
  129  8:18  Roach x4  
  139  8:20  Overlord  
  139  8:24  Zergling x8  
  142  8:29  Overlord  
  142  8:35  Zergling x12  
  142  8:38  Zerg Ground Armor Level 2  
  142  8:40  Ultralisk Cavern  
  147  8:41  Zergling x2  
  147  8:42  Zergling x4  
  150  8:50  Ravager  
  151  8:59  Zergling x8  
  151  9:00  Zergling x16  
  163  9:04  Overseer  
  163  9:05  Zerg Melee Weapons Level 3  
  163  9:06  Overlord  
  163  9:09  Drone  
  164  9:11  Extractor  
  164  9:13  Overlord  
  162  9:22  Overlord  
  162  9:23  Overlord  
  162  9:27  Ultralisk, Hatchery  
  162  9:31  Chitinous Plating  
  167  9:35  Overlord  
  167  9:44  Overlord  
  167  9:45  Overlord  
  165  9:54  Ultralisk  
  165  9:56  Hatchery, Drone x2, Overseer  
  165  9:59  Drone x3, Extractor  
  169  10:05  Extractor  
  169  10:06  Queen  
  170  10:07  Zergling x14  
  170  10:08  Spire  
  170  10:10  Zergling x12  
  170  10:11  Zergling x2  
  175  10:19  Adrenal Glands  
  170  10:23  Zergling x4  
  170  10:24  Zergling x22  
  183  10:35  Viper  
  186  10:46  Ultralisk  
  186  10:47  Zergling x18  
  173  10:52  Ultralisk  
  173  10:53  Zergling x8  
  182  11:03  Queen  
  177  11:08  Ultralisk, Zergling x2  
  177  11:09  Zergling x14  
  176  11:14  Ultralisk  
  162  11:23  Zergling x6  
  162  11:25  Zergling x6  
  160  11:31  Ultralisk  
  136  11:35  Ultralisk  
  136  11:37  Drone  
  136  11:38  Drone  
  136  11:39  Drone  
  128  11:49  Drone  
  128  11:52  Drone  
  119  11:54  Viper  
  119  11:55  Drone x2  
  119  12:01  Zergling x14  
  111  12:07  Overseer x2  
  117  12:14  Drone x3  
  120  12:19  Drone x3  
  123  12:23  Greater Spire  
  123  12:30  Corruptor x2  
  123  12:32  Drone  
  128  12:37  Overseer  
  128  12:40  Overlord  
  128  12:44  Spine Crawler  
  128  12:45  Drone x3  
  128  12:46  Spore Crawler  
  128  12:50  Zergling x10  
  134  12:55  Corruptor  
  134  12:58  Drone  
  137  13:01  Spine Crawler  
  137  13:02  Spore Crawler  
  131  13:07  Drone x4  
  131  13:09  Mutalisk  
  136  13:19  Drone x5  
  131  13:23  Spine Crawler  
  129  13:33  Zergling x16  
  122  13:36  Zergling x4  
  122  13:40  Zergling x4  
  114  13:43  Zergling x2  
  109  13:51  Drone x3  
  107  14:04  Brood Lord x3  
  107  14:07  Spore Crawler  
  111  14:12  Drone x3  
  111  14:16  Zergling x4  
  116  14:19  Zergling x2  
  116  14:20  Zergling x2  
  118  14:33  Spine Crawler  
  118  14:35  Zergling x6  
  120  14:46  Pneumatized Carapace  
  120  14:47  Drone x3  
  120  14:48  Drone x3  
  120  14:49  Drone x4  
  130  14:58  Corruptor x2  
  134  15:02  Extractor  
  124  15:14  Zergling x2  
  124  15:15  Zergling x10  
  124  15:28  Hatchery  
  124  15:33  Zergling x14  
  125  15:39  Brood Lord  
  125  15:41  Brood Lord  
  128  15:47  Zergling x10  
  130  15:59  Zergling x2  
  130  16:01  Zergling x2  
  130  16:02  Zergling x10  
  134  16:13  Zergling x2  
  134  16:14  Zergling x8  
  137  16:27  Ultralisk Cavern  
  137  16:30  Overseer  
  133  16:43  Spine Crawler  
  133  16:46  Spore Crawler  
  125  16:55  Zergling x22  
Show
View Real Time Build Order
Export as new Build Order

IIIIlIIlIlII Protoss - Winner!

Build Orders:  

Get SALT Encoding   

  12  0:00  Probe (Chrono Boost)  
  13  0:11  Probe (Chrono Boost)  
  14  0:19  Pylon  
  14  0:22  Probe (Chrono Boost)  
  15  0:37  Probe (Chrono Boost)  
  15  0:39  Gateway  
  15  0:41  Assimilator  
  16  0:48  Probe (Chrono Boost)  
  17  0:58  Probe (Chrono Boost)  
  18  1:09  Probe (Chrono Boost)  
  19  1:19  Probe (Chrono Boost)  
  20  1:28  Cybernetics Core  
  20  1:30  Probe (Chrono Boost)  
  21  1:45  Probe (Chrono Boost)  
  22  1:47  Assimilator  
  22  1:49  Nexus  
  22  1:53  Pylon  
  22  1:55  Probe (Chrono Boost)  
  23  2:04  Warp Gate (Chrono Boost)  
  23  2:11  Probe (Chrono Boost)  
  23  2:12  Robotics Facility  
  24  2:17  Adept (Chrono Boost)  
  26  2:24  Probe (Chrono Boost)  
  28  2:38  Mothership Core (Chrono Boost)  
  28  2:39  Gateway  
  29  2:57  Probe  
  30  3:00  Warp Prism  
  32  3:06  Probe  
  35  3:13  Sentry  
  35  3:16  Probe  
  35  3:19  Gateway  
  36  3:21  Probe  
  36  3:22  Pylon  
  37  3:27  Gateway  
  37  3:34  Probe x2  
  39  3:45  Probe  
  39  3:46  Probe  
  41  3:54  Pylon  
  41  3:57  Probe  
  41  3:58  Probe  
  43  4:02  Sentry  
  43  4:03  Sentry  
  43  4:09  Probe  
  48  4:10  Probe  
  48  4:12  Pylon  
  49  4:21  Probe  
  50  4:24  Adept x3  
  50  4:25  Adept  
  50  4:26  Probe  
  59  4:33  Probe  
  60  4:41  Probe  
  60  4:42  Sentry x2  
  65  4:45  Adept  
  65  4:46  Adept  
  59  5:10  Probe x2  
  59  5:22  Probe  
  59  5:23  Probe  
  59  5:27  Sentry x2, Assimilator x2  
  59  5:28  Adept x2, Pylon  
  65  5:33  Forge  
  65  5:34  Probe  
  65  5:35  Probe  
  67  5:41  Nexus  
  67  5:44  Pylon  
  67  5:46  Pylon  
  67  5:47  Probe x2  
  68  5:59  Probe  
  68  6:00  Immortal  
  68  6:01  Adept x4  
  68  6:04  Probe  
  82  6:11  Probe  
  83  6:13  Pylon  
  83  6:14  Protoss Ground Weapons Level 1 (Chrono Boost)  
  83  6:16  Gateway  
  83  6:18  Gateway  
  83  6:28  Photon Cannon  
  83  6:30  Probe  
  84  6:33  Probe  
  85  6:40  Stalker x4  
  85  6:44  Probe  
  94  6:49  Probe  
  95  6:57  Probe  
  96  7:03  Adept x3  
  96  7:04  Adept  
  100  7:10  Immortal  
  100  7:17  Probe  
  100  7:18  Assimilator  
  100  7:19  Assimilator  
  100  7:20  Pylon  
  100  7:21  Probe  
  100  7:22  Robotics Bay  
  102  7:28  Twilight Council  
  102  7:32  Adept x3  
  102  7:33  Zealot x2  
  102  7:36  Zealot  
  114  8:02  Adept  
  114  8:03  Adept x4  
  124  8:06  Protoss Ground Weapons Level 2  
  120  8:12  Pylon  
  120  8:14  Nexus  
  120  8:16  Adept, Pylon  
  120  8:17  Disruptor  
  120  8:19  Probe x2, Blink (Chrono Boost)  
  117  8:36  Pylon  
  117  8:39  Pylon  
  117  8:45  Adept  
  119  8:52  Gateway x2  
  119  8:56  Pylon  
  119  8:57  Stalker x5  
  119  9:02  Photon Cannon  
  132  9:09  Disruptor  
  131  9:20  Dark Shrine  
  131  9:21  Stalker  
  131  9:22  Stalker x4  
  141  9:40  Assimilator  
  141  9:42  Assimilator  
  141  9:43  Observer  
  141  9:50  Pylon  
  142  9:53  Pylon  
  142  9:58  Adept  
  142  9:59  Adept x2  
  148  10:00  Adept x3  
  148  10:04  Resonating Glaives  
  148  10:05  Disruptor  
  147  10:11  Adept  
  147  10:12  Adept  
  154  10:14  Protoss Ground Weapons Level 3  
  154  10:24  Zealot x4  
  154  10:25  Zealot x2  
  166  10:31  Photon Cannon  
  166  10:32  Stalker x2  
  170  10:36  Probe  
  170  10:37  Probe x3  
  174  10:48  Probe  
  174  10:49  Probe  
  174  10:53  Zealot x3  
  180  11:00  Pylon  
  180  11:02  Dark Templar, Pylon  
  180  11:04  Pylon  
  179  11:06  Archon x2  
  135  11:18  Zealot x5  
  135  11:19  Zealot x2  
  146  11:29  Immortal  
  132  11:41  Dark Templar x3  
  87  12:02  Dark Templar x5  
  87  12:03  Immortal  
  97  12:26  Pylon  
  97  12:37  Immortal  
  97  12:40  Sentry  
  97  12:41  Probe x4  
  107  12:47  Dark Templar  
  107  12:48  Dark Templar x2  
  113  12:53  Dark Templar x4, Probe  
  122  13:25  Zealot x3  
  122  13:26  Zealot x5  
  136  13:37  Protoss Shields Level 1  
  136  13:45  Stalker  
  136  13:46  Stalker x2  
  136  13:47  Stalker x5  
  132  14:02  Photon Cannon  
  124  14:04  Photon Cannon  
  124  14:06  Pylon  
  124  14:08  Immortal  
  122  14:15  Sentry  
  128  14:19  Stalker x4  
  136  14:35  Nexus  
  136  14:46  Dark Templar x4, Warp Prism  
  146  14:59  Archon x3  
  146  15:01  Archon  
  146  15:04  Pylon  
  146  15:05  Pylon  
  146  15:07  Pylon  
  146  15:15  Dark Templar x3  
  146  15:16  Dark Templar  
  150  15:22  Archon  
  150  15:23  Archon  
  150  15:31  Dark Templar  
  150  15:32  Dark Templar x2  
  156  15:36  Archon  
  156  15:40  Dark Templar  
  158  16:03  Zealot x2  
  158  16:04  Zealot x5  
  162  16:19  Stalker  
  162  16:25  Stalker x3, Dark Templar  
  168  16:26  Stalker  
  174  16:33  Stalker x2  
  178  16:45  Stalker  
  178  16:48  Dark Templar x2  
  178  16:49  Dark Templar  
  184  16:55  Adept x2  
  109  17:23  Stalker x6  
  109  17:29  Assimilator  
  121  17:30  Assimilator  

Tags
 
Add a new tag
Caveats
  • Supply blocks, unpowered buildings, or Contaminate may cause inaccurate times.
  • Supply counts are checked every 10 seconds.